 Dungeon Sprint DCSS version 0.18.1-50-g88ac8fd (webtiles) character file.

347 Kagutsuchi the Fighter (level 6, -2/62 (63) HPs)
             Began as a Draconian Berserker on Oct 21, 2016.
             Was a Follower of Trog.
             Slain by a hippogriff (6 damage)
             ... in the Dungeon (Sprint II: "The Violet Keep of Menkaure").
             The game lasted 00:00:23 (44 turns).

Kagutsuchi the Fighter (Draconian Berserker)          Turns: 44, Time: 00:00:23

HP:   -2/62 (63)    AC:  6    Str: 19    XL:     6   Next: 32%
MP:   6/6           EV: 16    Int:  7    God:    Trog [*.....]
Gold: 0             SH:  0    Dex: 13    Spells: 0 memorised, 5 levels left

rFire  . . .     SeeInvis .     a - +0 falchion
rCold  . . .     Gourm    .     (armour unavailable)
rNeg   . . .     Faith    .     (no shield)
rPois  .         Spirit   .     (helmet restricted)
rElec  .         Dismiss  .     (no cloak)
rCorr  .         Reflect  .     (no gloves)
SustAt .         Harm     .     (no boots)
MR     .....     NoTele   +     (no amulet)
Stlth  +.........               (no ring)
                                (no ring)

@: exhausted, slowed, very slow, not resistant to hostile enchantments, very
unstealthy
A: unfitting armour, cold-blooded, AC +6
a: Berserk, Burn Spellbooks, Renounce Religion


You were in the Dungeon.
You worshipped Trog.
Trog was aware of your devotion.
You were not hungry.

You visited 1 branch

Inventory:

Hand Weapons
 a - a +0 falchion (weapon)
Scrolls
 h - a scroll of blinking
Potions
 c - a potion of curing
 d - a potion of heal wounds
 e - a potion of haste
 f - 2 potions of magic
 g - a potion of berserk rage
Comestibles
 b - a bread ration


   Skills:
 + Level 9.2 Fighting
 + Level 8.6 Long Blades
 + Level 7.5 Dodging


You had 5 spell levels left.
You didn't know any spells.

Dungeon Overview and Level Annotations

Branches:
Dungeon (1/1)

Altars:


Innate Abilities, Weirdness & Mutations

Your plain brown scales are hard (AC +6).
Your body does not fit into most forms of armour.
You are cold-blooded and may be slowed by cold attacks.


Message History

The hippogriff screeches!
The worm barely misses you. The worm misses you.
There is a staircase leading out of the dungeon, spattered with blood here.
You barely miss the worm. The hippogriff barely misses you.
The hippogriff pecks you but does no damage.
The hippogriff claws you but does no damage.
The worm bites you!
You hit the worm but do no damage. The hippogriff misses you.
The hippogriff barely misses you. The hippogriff claws you. The worm bites you!
* * * LOW HITPOINT WARNING * * *
You slash the worm!
The worm is moderately wounded.
The hippogriff bites you but does no damage.
The hippogriff pecks you but does no damage.
The hippogriff misses you. The hippogriff completely misses you.
The hippogriff pecks you.
* * * LOW HITPOINT WARNING * * *
The hippogriff claws you.
You die...

## ## ##.
.## .. .. #
.#. # ##.
#†# .#
#.B$##H##.#
#+.@H'#
#.B.##w##.#
##. #'# .#
# .#. # ..
#. ##. ##
##


You could see 2 hippogriffs and a worm.

Vanquished Creatures
  4 necrophages (D)
  2 worms (D)
6 creatures vanquished.

Vanquished Creatures (others)
  Menkaure (D)
1 creature vanquished.

Grand Total: 7 creatures vanquished

Notes
Turn   | Place    | Note
--------------------------------------------------------------
     0 | D        | Kagutsuchi the Draconian Berserker began the quest for the Orb.
     0 | D        | Reached XP level 1. HP: 19/19 MP: 1/1
     1 | D        | Noticed a boulder beetle
     1 | D        | Noticed a boulder beetle
     5 | D        | Noticed a necrophage
     5 | D        | Noticed a necrophage
     5 | D        | Noticed a necrophage
     5 | D        | Noticed a necrophage
     8 | D        | Killed a necrophage
     8 | D        | Reached skill level 6 in Fighting
     8 | D        | Reached skill level 5 in Long Blades
     8 | D        | Reached skill level 5 in Dodging
     8 | D        | Reached XP level 2. HP: 30/30 MP: 2/2
     8 | D        | Reached XP level 3. HP: 37/37 MP: 3/3
     8 | D        | Reached XP level 4. HP: 44/44 MP: 4/4
    11 | D        | Killed a necrophage
    11 | D        | Reached skill level 7 in Fighting
    11 | D        | Reached XP level 5. HP: 52/52 MP: 5/5
    14 | D        | Killed a necrophage
    14 | D        | Reached skill level 8 in Fighting
    18 | D        | Killed a necrophage
    18 | D        | Reached skill level 9 in Fighting
    18 | D        | Reached XP level 6. HP: 62/62 MP: 6/6
    40 | D        | Noticed a hippogriff
    40 | D        | Noticed a hippogriff
    42 | D        | Killed Menkaure
    44 | D        | Slain by a hippogriff

Skill      XL: |  1  2  3  4  5 |
---------------+----------------+-----
Fighting       | 6 7 9 |  9.2
Long Blades    | 5 7 8 |  8.6
Dodging        | 5 6 7 |  7.5

Action                   |  1- 3 |  4- 6 || total
-------------------------+-------+-------++-------
Melee: Falchion          |     2 |    25 ||    27
       Tailslap          |     1 |     4 ||     5
Invok: Berserk           |     1 |       ||     1
Armor: Skin              |       |     6 ||     6
Dodge: Dodged            |       |    17 ||    17
